 Dungeon Crawl Stone Soup version 0.29-a0-298-g3c90f9a769 (webtiles) character file.

Game seed: 8827618888324188632

374 Dabor the Magician (level 6, -4/31 (32) HPs)
             Began as a Deep Elf Venom Mage on Mar 23, 2022.
             Was an Initiate of Yredelemnul.
             Slain by a wight
             ... wielding a +2 great sword
              (5 damage)
             ... on level 4 of the Dungeon.
             The game lasted 00:06:43 (5239 turns).

Dabor the Magician (Deep Elf Venom Mage)            Turns: 5239, Time: 00:06:44

HP:   -4/31 (32)    AC:  4    Str:  5    XL:     6   Next: 43%
MP:   0/15          EV: 13    Int: 28    God:    Yredelemnul [......]
Gold: 158           SH:  0    Dex: 15    Spells: 7/14 levels left

rFire   . . .      SeeInvis .   l - +0 trident (vamp)
rCold   . . .      Faith    .   (no shield)
rNeg    . . .      Spirit   +   a - +0 robe
rPois   .          Reflect  .   (no helmet)
rElec   .          Harm     .   j - +0 cloak
rCorr   .          Rampage  .   e - +0 pair of gloves
Will    .....                   (no boots)
Stlth   +++.......              i - amulet of guardian spirit
HPRegen 0.10/turn               f - +6 ring of intelligence
MPRegen 0.14/turn               (no ring)

@: about to teleport, lightly drained
A: no striking features
a: Renounce Religion, Recall Undead Harvest


You were on level 4 of the Dungeon.
You worshipped Yredelemnul.
Yredelemnul was noncommittal.
You visited 1 branch of the dungeon, and saw 4 of its levels.

You collected 158 gold pieces.

Inventory:

Hand Weapons
 l - a +0 vampiric trident (weapon)
Armour
 a - a +0 robe (worn)
 e - a +0 pair of gloves (worn)
 j - a +0 cloak (worn)
Jewellery
 f - a +6 ring of intelligence (left hand)
 i - an amulet of guardian spirit (around neck)
Scrolls
 c - a scroll of fear
 h - 3 scrolls of identify
Potions
 b - a potion of magic
 d - a potion of curing
 m - a potion of heal wounds


   Skills:
 + Level 4.3 Dodging
 - Level 4.1 Stealth
 + Level 4.8 Spellcasting
 - Level 3.0 Transmutations
 + Level 0.9 Air Magic
 * Level 4.8 Poison Magic


You had 7 spell levels left.
You knew the following spells:

 Your Spells              Type           Power      Damage    Failure   Level
a - Sting                 Tmut/Pois      100%       1d8       1%          1
b - Poisonous Vapours     Pois/Air       46%        N/A       3%          2
c - Olgreb's Toxic Radia  Pois           34%        N/A       9%          4

Your spell library contained the following spells:

 Spells                   Type           Power      Damage    Failure   Level
 Mephitic Cloud           Conj/Pois/Air  17%        N/A       10%         3


Dungeon Overview and Level Annotations

Branches:
Dungeon (4/15)
 Temple: D:4-7

Altars:
Yredelemnul
The Shining One

Shops:
D:1 ?   D:2 ([


Message History

You see here a +0 robe.
A wight is nearby!
A wight is nearby!
There is an open door here.
You reach to attack!
You closely miss the wight. You closely miss the wight.
The wight hits you with a +2 great sword!!
A wight comes into view. It is wielding a +0 falchion.
Your spectral endoplasm hits the wight but does no damage.
The wight hits your spectral endoplasm with a +2 great sword!
Your spectral endoplasm is destroyed!
There is an open door here.
As you close the door, it creaks loudly!
A wight opens the door.
Things that are here:
a +0 dagger; 4 curare-tipped darts; an amulet of guardian spirit
Okay, then.
As you read the scroll labelled FICOEV SIZEC, it crumbles to dust.
It is a scroll of amnesia.
Really abort (and waste the scroll)?
Okay, then.
The wight attacks as you move away! The wight barely misses you.
The wight attacks as you move away! The wight misses you.
There is an open door here.
The wight attacks as you move away!
The wight hits you with a +2 great sword!
You feel drained. The wight attacks as you move away!
The wight hits you with a +2 great sword!
* * * LOW HITPOINT WARNING * * *
The wight attacks as you move away!
The wight hits you with a +2 great sword!
* * * LOW HITPOINT WARNING * * *
The wight attacks as you move away! The wight closely misses you.
Okay, then.
As you read the scroll of teleportation, it crumbles to dust.
You feel strangely unstable.
The wight hits you with a +2 great sword!
You die...
Your body rises from the dead as a mindless zombie.

#.##z# ### .
#.##z# #
#z##.########
#.##.........
#z##.z#######
#.##..# ###
#z##..# #.#
#z##..####.#
#@##....)z.#
#.##.#####z#
#.##.# #.#
..##.# #.#
####.# #z#
#.#...#z#####
#.#...#....z###
#.#...###...z.z
#.#...# #..[...


You could see 4 wights.

Vanquished Creatures
  An ogre (D:4)
  2 scorpions (D:4)
  A howler monkey (D:4)
  An iguana (D:4)
  3 gnolls (D:3)
  3 adders (D:3)
  2 worms
  A dart slug (D:1)
  An orc (D:3)
  2 endoplasms
  7 giant cockroaches
  3 hobgoblins
  3 jackals (D:3)
  2 quokkas (D:1)
  2 ball pythons
  7 bats
  2 frilled lizards
  4 goblins
  2 kobolds
  2 rats
51 creatures vanquished.

Vanquished Creatures (collateral kills)
  A bat (D:1)
  An endoplasm (D:2)
  A quokka (D:1)
  A kobold (D:1)
4 creatures vanquished.

Vanquished Creatures (others)
  An ogre zombie (D:4)
  An iguana zombie (D:4)
  A bat zombie (D:3)
  A ball python zombie (D:4)
  An orc zombie (D:3)
  A spectral endoplasm (D:4)
6 creatures vanquished.

Grand Total: 61 creatures vanquished

Notes
Turn   | Place    | Note
-------+----------+-------------------------------------------
     0 | D:1      | Dabor the Deep Elf Venom Mage began the quest for the Orb.
     0 | D:1      | Reached XP level 1. HP: 10/10 MP: 6/6
   101 | D:1      | Found a faded altar of an unknown god.
   234 | D:1      | Prayed at the altar of an unknown god.
   234 | D:1      | Became a worshipper of Yredelemnul the Dark
   234 | D:1      | Reached * piety under Yredelemnul
   289 | D:1      | Reached XP level 2. HP: 15/15 MP: 6/8
   460 | D:1      | Found Hiassya's Magic Scroll Shoppe.
  1017 | D:2      | Found Nanustry's Antique Armour Shop.
  1225 | D:2      | Found Acwypeu's Antique Weapon Emporium.
  1296 | D:2      | Learned a level 2 spell: Poisonous Vapours
  1599 | D:2      | Reached ** piety under Yredelemnul
  1717 | D:2      | Reached XP level 3. HP: 19/19 MP: 6/9
  3089 | D:3      | Reached XP level 4. HP: 22/24 MP: 2/11
  3870 | D:3      | Found a glowing golden altar of the Shining One.
  4254 | D:4      | Reached XP level 5. HP: 14/28 MP: 7/13
  4443 | D:4      | Noticed an ogre
  4462 | D:4      | Killed an ogre
  4686 | D:3      | Learned a level 4 spell: Olgreb's Toxic Radiance
  4768 | D:4      | Reached XP level 6. HP: 32/32 MP: 5/14
  5237 | D:4      | HP: 1/31 [wight/+2 great sword (8)]
  5239 | D:4      | Slain by a wight

Illustrated notes

Levels and vault maps discovered:
D:1:      lightli_arrival_noodles, layout_basic, serial_shops, shop,
          shapermc_ecumenical_altar_starsandcircs, serial_rivers,
          chequers_serial_rivers_small_b, chequers_serial_rivers_micro_a,
          chequers_serial_rivers_small_b, chequers_serial_rivers_small_3
D:2:      layout_basic, serial_shops, nicolae_shop_stone,
          nicolae_shop_hallway_stairs
D:3:      layout_basic, mainiacjoe_overflow_alcove_1, portal_sewer_entry_e,
          kennysheep_generic_room_13
D:4:      layout_basic, minmay_misc_feat_secret_circle

Skill      XL: |  1  2  3  4  5 |
---------------+----------------+-----
Stealth        | 3 4 |  4.1
Dodging        | 3 4 |  4.3
Transmutations | 2 3 |  3.0
Poison Magic   | 4 |  4.8
Spellcasting   | 4 |  4.8
Air Magic      | |  0.9

Action                   |  1- 3 |  4- 6 || total
-------------------------+-------+-------++-------
Melee: Unarmed           |    26 |       ||    26
       Trident           |    13 |    33 ||    46
 Cast: Sting             |    42 |     9 ||    51
       Poisonous Vapours |    23 |    39 ||    62
  Use: Potion            |     3 |     1 ||     4
       Scroll            |     5 |     3 ||     8
 Stab: Sleeping          |     1 |       ||     1
Armor: Robe              |     6 |    10 ||    16
Dodge: Dodged            |    44 |    22 ||    66

Table legend: (Time is in decaauts)
 A = Elapsed time spent in this place.
 B = Non-inter-level travel time spent in this place.
 C = Inter-level travel time spent in this place.
 D = Time resting spent in this place.
 E = Time spent auto-exploring this place.
 F = Levels seen in this place.
 G = Mean time per level.
                   A        B        C        D        E       F      G
               +--------+--------+--------+--------+--------+-----+--------+
         Total |   5270 |   5150 |    120 |    346 |   4218 |   4 | 1317.5 |
       Dungeon |   5270 |   5150 |    120 |    346 |   4218 |   4 | 1317.5 |
               +--------+--------+--------+--------+--------+-----+--------+

Top non-repeatable levels by time:
     D:3: 1962 daAuts
     D:2: 1221 daAuts
     D:4: 1059 daAuts
     D:1: 1026 daAuts
